Map: Orbital Shipyard

Players

AgCl

  • Race: Protoss Protoss

CousCous - Winner!

  • Race: Zerg Zerg

VOD

Have the link to the VOD?

Description

Time

  • Played on: May 3, 2015, 5:56 a.m.
  • Length: 4:51
Show
View Real Time Build Order
Export as new Build Order

AgCl Protoss 

Build Orders: Oracle Opening, Oracle Opening 

Get SALT Encoding   

  12  0:03  Probe  
  13  0:15  Probe  
  14  0:28  Pylon  
  14  0:43  Assimilator  
  14  0:46  Probe  
  15  0:59  Probe  
  15  1:00  Gateway  
  16  1:11  Probe  
  17  1:22  Assimilator  
  17  1:23  Probe  
  18  1:36  Probe  
  18  1:37  Nexus  
  19  1:49  Cybernetics Core  
  19  1:53  Probe (Chrono Boost)  
  20  2:05  Probe (Chrono Boost)  
  21  2:11  Probe (Chrono Boost)  
  22  2:26  Warp Gate (Chrono Boost)  
  22  2:31  Stargate  
  22  2:39  Pylon  
  22  2:40  Pylon  
  22  2:49  Mothership Core (Chrono Boost)  
  25  2:51  Probe (Chrono Boost)  
  25  2:59  Probe (Chrono Boost), Twilight Council  
  25  3:03  Probe  
  27  3:08  Probe  
  28  3:15  Probe  
  29  3:20  Oracle (Chrono Boost)  
  29  3:23  Probe  
  33  3:27  Pylon  
  33  3:28  Probe  
  34  3:44  Probe x2  
  34  3:45  Gateway  
  36  3:52  Gateway  
  36  3:56  Gateway  
  36  4:02  Probe  
  38  4:05  Pylon  
  37  4:10  Dark Shrine  
  37  4:12  Probe  
  38  4:20  Sentry  
  38  4:26  Probe  
  37  4:38  Probe  
Show
View Real Time Build Order
Export as new Build Order

CousCous Zerg - Winner!

Build Orders: Hatch First 

Get SALT Encoding   

  12  0:01  Drone  
  13  0:08  Drone  
  14  0:21  Overlord  
  14  0:44  Hatchery  
  14  0:46  Drone  
  14  0:55  Drone  
  14  0:56  Drone  
  16  1:09  Drone x2  
  18  1:20  Spawning Pool  
  18  1:25  Drone  
  18  1:30  Extractor  
  18  1:32  Drone  
  18  1:44  Overlord  
  18  2:01  Drone x2  
  20  2:09  Zergling x2  
  21  2:24  Queen  
  21  2:27  Queen  
  21  2:29  Drone x3  
  28  2:31  Hatchery  
  28  2:37  Metabolic Boost  
  27  2:43  Overlord  
  27  2:57  Zergling x8  
  27  2:58  Zergling x2  
  32  3:15  Zergling x4  
  32  3:16  Zergling x2  
  35  3:25  Drone  
  35  3:26  Drone  
  37  3:38  Drone  
  37  3:39  Drone x6  
  44  3:41  Overlord  
  44  3:42  Overlord  
  44  4:01  Drone x6  
  50  4:12  Drone  
  50  4:13  Drone x6  
  50  4:14  Drone x2  
Tags
 
Add a new tag
Caveats
  • Supply blocks, unpowered buildings, or Contaminate may cause inaccurate times.
  • Supply counts are checked every 10 seconds.